Map: Kairos Junction LE

Players

Semper - Winner!

  • Race: Terran Terran
  • Spawn Location: 11:00

Cuddlebear

  • Race: Terran Terran
  • League: Grandmaster
  • Spawn Location: 5:00

VOD

Have the link to the VOD?

Description

Semper's TVT, random pick from SC2replayStats

Time

  • Played on: Dec. 14, 2018, 1:21 p.m.
  • Length: 11:18
Show
View Real Time Build Order
Export as new Build Order

Semper Terran - Winner!

Build Orders:  

Get SALT Encoding   

  12  0:00  SCV  
  13  0:13  SCV  
  14  0:18  Supply Depot  
  14  0:25  SCV  
  15  0:28  Refinery  
  15  0:39  SCV  
  16  0:45  Barracks  
  16  0:51  SCV  
  16  0:55  Refinery  
  17  1:03  SCV  
  18  1:15  SCV  
  19  1:32  Orbital Command, Reaper  
  20  1:35  Factory  
  20  1:48  Supply Depot  
  20  1:57  SCV  
  21  2:04  Reaper  
  22  2:09  SCV  
  23  2:20  Hellion  
  25  2:27  Command Center  
  25  2:32  SCV  
  26  2:38  Supply Depot, Barracks Reactor  
  26  2:45  Starport  
  26  2:47  Factory Tech Lab  
  26  2:51  SCV  
  27  3:03  SCV  
  28  3:06  Cyclone  
  31  3:15  SCV, Marine x2  
  34  3:25  Starport Tech Lab  
  34  3:28  SCV  
  34  3:30  Bunker  
  33  3:34  Marine x2  
  32  3:44  Orbital Command  
  32  3:48  Raven  
  32  3:51  SCV  
  32  3:52  Marine x2  
  37  3:59  Cyclone  
  40  4:06  SCV  
  40  4:11  SCV  
  40  4:15  Engineering Bay  
  41  4:17  Supply Depot  
  41  4:19  Marine x2  
  41  4:21  SCV  
  44  4:26  SCV  
  45  4:31  Siege Tank  
  45  4:35  Viking  
  50  4:39  SCV  
  50  4:43  Missile Turret  
  51  4:50  SCV  
  51  4:56  SCV  
  52  5:02  Supply Depot  
  52  5:08  Command Center  
  52  5:12  SCV  
  52  5:21  SCV  
  52  5:24  Marine x2, Siege Tank  
  52  5:27  SCV  
  55  5:35  SCV  
  55  5:41  SCV  
  56  5:50  SCV  
  56  5:54  SCV  
  56  5:55  Terran Infantry Weapons Level 1, Barracks x2, Engineering Bay  
  58  5:58  Refinery  
  58  5:59  Refinery  
  58  6:03  Siege Tank  
  61  6:06  SCV, Marine  
  63  6:12  Stimpack  
  63  6:14  SCV  
  64  6:19  SCV  
  64  6:22  Orbital Command  
  64  6:25  Marine  
  66  6:26  SCV  
  66  6:31  Terran Infantry Armor Level 1  
  67  6:34  SCV  
  68  6:47  SCV  
  68  6:53  SCV  
  70  6:57  Siege Tank  
  70  6:59  SCV  
  69  7:05  SCV  
  69  7:08  SCV  
  69  7:11  Barracks Reactor x2  
  69  7:12  Armory  
  69  7:14  Barracks  
  69  7:15  Viking  
  72  7:16  Barracks  
  72  7:22  Viking  
  72  7:27  SCV  
  72  7:29  Supply Depot  
  75  7:32  Marine  
  75  7:33  Supply Depot  
  75  7:34  SCV  
  77  7:38  Orbital Command  
  77  7:50  Marine x3  
  77  7:51  Viking, Siege Tank  
  85  7:55  Viking, Marine  
  85  7:57  SCV x2  
  90  8:03  SCV  
  91  8:08  Supply Depot  
  91  8:09  Supply Depot, SCV x2  
  91  8:11  Barracks Reactor x2  
  93  8:13  Marine x3  
  93  8:15  SCV  
  93  8:19  Marine  
  98  8:21  Medivac  
  98  8:23  SCV  
  101  8:30  Medivac  
  101  8:36  Siege Tank  
  101  8:38  SCV  
  101  8:41  Marine x5  
  107  8:51  Medivac  
  107  8:53  SCV  
  108  8:58  Marine  
  108  8:59  Marine x3  
  113  9:08  Siege Tank  
  113  9:09  Marine  
  116  9:11  Barracks Tech Lab, Marine  
  116  9:14  Supply Depot  
  116  9:15  Supply Depot  
  116  9:16  Refinery x2, Marine  
  118  9:22  Marine x2  
  114  9:30  SCV  
  114  9:31  Marine x2  
  107  9:33  Marine x4  
  109  9:40  Combat Shield, Marine x2  
  109  9:45  SCV x3  
  114  9:53  Sensor Tower  
  114  9:55  Marine  
  114  9:56  Marine  
  112  10:04  Marine x2  
  113  10:12  Siege Tank  
  113  10:14  SCV x2, Factory  
  118  10:15  Medivac x2  
  118  10:17  Marine x5  
  127  10:22  Command Center  
  127  10:28  Missile Turret x2  
  127  10:33  Marine x4  
  127  10:34  Marine  
  127  10:35  Marine  
  133  10:41  Supply Depot  
  133  10:42  Supply Depot  
  133  10:45  Medivac x2  
  137  10:51  Missile Turret  
  137  10:52  Sensor Tower, Marine  
  137  10:53  Marine  
  148  11:04  Factory Tech Lab  
Show
View Real Time Build Order
Export as new Build Order

Cuddlebear Terran 

Build Orders: 1/1/1, Banshee Rush 

Get SALT Encoding   

  12  0:00  SCV  
  13  0:12  SCV  
  14  0:17  Supply Depot  
  14  0:25  SCV  
  14  0:28  Refinery  
  15  0:38  SCV  
  16  0:46  Barracks  
  16  0:50  SCV  
  17  1:03  SCV  
  18  1:09  Refinery  
  18  1:15  SCV  
  19  1:33  Reaper  
  19  1:36  Orbital Command  
  20  1:41  Factory  
  20  1:48  Supply Depot  
  20  2:01  SCV  
  20  2:05  Reaper  
  22  2:13  SCV  
  23  2:25  SCV, Hellion  
  23  2:26  Starport  
  26  2:37  Barracks Tech Lab  
  26  2:38  SCV  
  27  2:46  Hellion  
  29  2:51  Supply Depot, SCV  
  30  3:03  SCV  
  31  3:10  Cloaking Field  
  31  3:12  Banshee  
  34  3:21  Command Center  
  34  3:27  Barracks Reactor  
  32  3:42  SCV  
  32  3:43  Hellion  
  34  3:55  Banshee  
  33  4:02  SCV  
  37  4:04  Marine x2  
  37  4:07  Factory Tech Lab  
  39  4:19  Supply Depot  
  39  4:24  Command Center  
  38  4:32  Siege Tank  
  38  4:36  Orbital Command  
  41  4:45  SCV, Marine x2  
  38  4:50  Raven  
  42  4:57  SCV  
  42  5:04  SCV, Siege Tank  
  46  5:09  SCV  
  46  5:13  Marine x2  
  49  5:16  SCV  
  49  5:21  SCV  
  48  5:28  SCV  
  48  5:31  Marine x2  
  48  5:33  SCV  
  52  5:37  Siege Tank  
  52  5:41  SCV  
  53  5:45  SCV  
  53  5:49  Orbital Command  
  54  5:53  SCV  
  54  5:54  Barracks  
  55  5:57  SCV, Barracks  
  55  6:01  Starport Reactor, Engineering Bay  
  55  6:02  Marine  
  57  6:04  Stimpack  
  57  6:07  SCV  
  58  6:13  Siege Tank  
  58  6:14  SCV  
  62  6:22  SCV  
  62  6:23  Marine  
  62  6:24  SCV  
  65  6:28  SCV  
  66  6:33  Engineering Bay  
  66  6:34  SCV, Refinery  
  66  6:36  Supply Depot, Terran Infantry Weapons Level 1  
  66  6:38  SCV  
  68  6:40  Marine  
  68  6:45  Marine x2  
  71  6:48  SCV  
  68  6:55  Starport Reactor  
  57  7:02  SCV x3  
  57  7:03  Marine x4  
  57  7:04  Siege Tank  
  57  7:07  Marine  
  65  7:14  SCV  
  63  7:17  SCV  
  63  7:18  Supply Depot x2  
  63  7:21  Marine x2  
  63  7:22  Barracks  
  66  7:23  Orbital Command, Barracks  
  66  7:25  Refinery, Marine x2  
  66  7:27  Terran Infantry Armor Level 1  
  66  7:28  Marine  
  69  7:34  Medivac x2  
  73  7:38  Marine  
  73  7:39  SCV, Marine  
  73  7:43  Marine  
  77  7:45  SCV, Marine  
  77  7:46  Marine  
  77  7:49  Siege Tank  
  83  7:51  SCV  
  83  7:52  SCV  
  83  7:56  Marine  
  83  7:57  SCV  
  87  7:59  Marine  
  87  8:01  Marine  
  87  8:02  Supply Depot  
  87  8:03  SCV, Marine  
  87  8:04  SCV  
  92  8:07  Marine  
  92  8:08  Medivac x2  
  97  8:14  Marine  
  97  8:17  SCV  
  99  8:20  Marine  
  99  8:22  Marine  
  101  8:31  Marine  
  101  8:32  Siege Tank  
  101  8:33  Barracks Reactor  
  101  8:35  Marine  
  101  8:40  Marine x2  
  99  8:42  Viking  
  101  8:53  Marine  
  101  8:54  Marine x2  
  93  9:01  Supply Depot x2  
  93  9:02  Supply Depot  
  93  9:07  Viking  
  93  9:18  Supply Depot x2  
  93  9:19  Supply Depot  
  93  9:20  SCV x2, Marine  
  93  9:21  SCV  
  93  9:22  Marine x7  
  91  9:36  Supply Depot  
  91  9:38  Siege Tank, Medivac x2, Marine  
  99  9:40  Marine x3  
  99  9:41  Barracks Reactor  
  102  9:46  Marine x2  
  102  9:47  Refinery  
  102  9:48  Supply Depot x2, SCV, Refinery  
  102  9:50  Sensor Tower  
  105  9:54  Armory  
  105  9:57  Marine  
  105  9:59  Marine x2  
  107  10:00  Marine  
  107  10:02  Marine  
  107  10:05  SCV, Marine  
  107  10:06  SCV  
  107  10:07  SCV  
  108  10:08  Marine  
  107  10:15  Marine  
  107  10:17  Siege Tank, Marine x3  
  107  10:18  SCV  
  115  10:21  Medivac x2  
  115  10:22  Marine  
  118  10:34  Marine x3  
  118  10:35  Command Center  
  121  10:37  Marine  
  122  10:48  Marine  
  123  10:51  Marine  
  123  10:52  Marine  
  123  10:55  Factory  
Tags
 
Add a new tag
Caveats
  • Supply blocks, unpowered buildings, or Contaminate may cause inaccurate times.
  • Supply counts are checked every 10 seconds.